TOP OF THE 1ST |
Cincinnati Pride batting - Pitching for Lee's Summit Tigers : RHP Jeff Mann
|
Pitching: RHP Jeff Mann
|
|
Batting: SHB Jaime Martínez
|
0-0: Called Strike 0-1: Ball 1-1: Foul Ball, location: 2F 1-2: Foul Ball, location: 2F 1-2: Ball 2-2: Strikes out looking
|
Batting: RHB Jorge Silva
|
0-0: Foul Ball, location: 2F 0-1: Ball 1-1: Foul Ball, location: 2F 1-2: Ground out 4-3 (Groundball, 4)
|
Batting: LHB John Clark
|
0-0: Foul Ball, location: 2F 0-1: Ball 1-1: Foul Ball, location: 2F 1-2: Strikes out swinging
|
Top of the 1st over - 0 run(s), 0 hit(s), 0 error(s), 0 left on base; Cincinnati 0 - Lee's Summit 0 |
BOTTOM OF THE 1ST |
Lee's Summit Tigers batting - Pitching for Cincinnati Pride : LHP Josh Wall
|
Pitching: LHP Josh Wall
|
|
Batting: LHB Darren Holland
|
0-0: Ball 1-0: Called Strike 1-1: Ball 2-1: Ball 3-1: Foul Ball, location: 2F 3-2: Foul Ball, location: 2F 3-2: Foul Ball, location: 2F 3-2: Foul Ball, location: 2F 3-2: Base on Balls
|
Batting: RHB Jesús Ramos
|
0-0: SINGLE (Flyball, 78M) Darren Holland to second
|
Batting: RHB Rusty Bennett
|
0-0: Ball 1-0: Fly out, F7 (Flyball, 7)
|
Batting: SHB Juan Glaviz
|
0-0: Ball 1-0: Called Strike 1-1: SINGLE (Groundball, 6D) Darren Holland to third Jesús Ramos to second Runner from 3rd tries for Home, SAFE, no throw
|
Batting: RHB Jorge Barbosa
|
0-0: Foul Ball, location: 2F 0-1: Called Strike 0-2: Ball 1-2: Foul Ball, location: 2F 1-2: Ball 2-2: Foul Ball, location: 2F 2-2: Strikes out swinging
|
Batting: RHB Michael Hall
|
0-0: Foul Ball, location: 2F 0-1: Ball 1-1: SINGLE (Flyball, 8RS) Jesús Ramos to third Juan Glaviz to second Runner from 3rd tries for Home, SAFE, no throw
|
Batting: RHB Steven Wright
|
0-0: Called Strike 0-1: Foul Ball, location: 2F 0-2: Strikes out swinging
|
Bottom of the 1st over - 2 run(s), 3 hit(s), 0 error(s), 2 left on base; Cincinnati 0 - Lee's Summit 2 |
TOP OF THE 2ND |
Cincinnati Pride batting - Pitching for Lee's Summit Tigers : RHP Jeff Mann
|
Batting: LHB Gabriel Aragón
|
0-0: Swinging Strike 0-1: Foul Ball, location: 2F 0-2: Ball 1-2: Strikes out swinging
|
Batting: RHB Roger Rush
|
0-0: Ball 1-0: Foul Ball, location: 2F 1-1: Called Strike 1-2: Strikes out swinging
|
Batting: RHB Keith Sheehan
|
0-0: Ball 1-0: Ball 2-0: Called Strike 2-1: Foul Ball, location: 2F 2-2: Reached on error, E3 (Groundball, 34)
|
Batting: RHB Francisco Domínguez
|
0-0: Ball 1-0: Swinging Strike 1-1: Ball 2-1: Called Strike 2-2: Strikes out swinging
|
Top of the 2nd over - 0 run(s), 0 hit(s), 1 error(s), 1 left on base; Cincinnati 0 - Lee's Summit 2 |
BOTTOM OF THE 2ND |
Lee's Summit Tigers batting - Pitching for Cincinnati Pride : LHP Josh Wall
|
Batting: RHB Kyle Baylor
|
0-0: Called Strike 0-1: Ball 1-1: Swinging Strike 1-2: Ball 2-2: SINGLE (Line Drive, 56)
|
Batting: LHB Dale Miller
|
0-0: Ball 1-0: Ball 2-0: Ball 3-0: Foul Ball, location: 2F 3-1: Foul Ball, location: 2F 3-2: Strikes out looking
|
Batting: LHB Darren Holland
|
Pickoff Throw to First - Error! E1 Kyle Baylor to second 0-0: Swinging Strike 0-1: Fly out, F4 (Popup, 4D)
|
Batting: RHB Jesús Ramos
|
0-0: 2-RUN HOME RUN (Line Drive, 7D), Distance : 365 ft
|
Batting: RHB Rusty Bennett
|
0-0: Ball 1-0: Ball 2-0: Ball 3-0: Called Strike 3-1: Base on Balls
|
Batting: SHB Juan Glaviz
|
0-0: Called Strike 0-1: Fielders Choice at 2nd, 6-4 (Groundball, 6)
|
Bottom of the 2nd over - 2 run(s), 2 hit(s), 1 error(s), 0 left on base; Cincinnati 0 - Lee's Summit 4 |
TOP OF THE 3RD |
Cincinnati Pride batting - Pitching for Lee's Summit Tigers : RHP Jeff Mann
|
Batting: RHB Gary Miller
|
0-0: Fly out, F3 (Popup, 3L)
|
Batting: SHB Jorge Maldonado
|
0-0: Called Strike 0-1: Ball 1-1: Ball 2-1: Ball 3-1: Called Strike 3-2: Base on Balls
|
Batting: SHB Jaime Martínez
|
0-0: Ball 1-0: Ball 2-0: Foul Ball, location: 2F 2-1: Ball 3-1: Ground out 4-3 (Groundball, 34) Jorge Maldonado to second
|
Batting: RHB Jorge Silva
|
0-0: Called Strike 0-1: Ball 1-1: Foul Ball, location: 2F 1-2: Fly out, F1 (Line Drive, 13)
|
Top of the 3rd over - 0 run(s), 0 hit(s), 0 error(s), 1 left on base; Cincinnati 0 - Lee's Summit 4 |
BOTTOM OF THE 3RD |
Lee's Summit Tigers batting - Pitching for Cincinnati Pride : LHP Josh Wall
|
Batting: RHB Jorge Barbosa
|
0-0: Hit by Pitch
|
Batting: RHB Michael Hall
|
0-0: Ball 1-0: Called Strike 1-1: Foul Ball, location: 2F 1-2: Ball 2-2: Foul Ball, location: 2F 2-2: Strikes out swinging
|
Batting: RHB Steven Wright
|
0-0: Ground out 5-3 (Groundball, 56S) Jorge Barbosa to second
|
Batting: RHB Kyle Baylor
|
0-0: Called Strike 0-1: Ground out 4-3 (Groundball, 4)
|
Bottom of the 3rd over - 0 run(s), 0 hit(s), 0 error(s), 1 left on base; Cincinnati 0 - Lee's Summit 4 |
TOP OF THE 4TH |
Cincinnati Pride batting - Pitching for Lee's Summit Tigers : RHP Jeff Mann
|
Batting: LHB John Clark
|
0-0: Ball 1-0: Ball 2-0: Called Strike 2-1: Ball 3-1: Called Strike 3-2: Base on Balls
|
Batting: LHB Gabriel Aragón
|
0-0: Ball 1-0: Ball 2-0: Ball 3-0: Base on Balls John Clark to second
|
Batting: RHB Roger Rush
|
0-0: Called Strike 0-1: Swinging Strike 0-2: Ball 1-2: Strikes out swinging
|
Batting: RHB Keith Sheehan
|
0-0: Foul Ball, location: 2F 0-1: Ball 1-1: Swinging Strike 1-2: Ball 2-2: Ball 3-2: Base on Balls John Clark to third Gabriel Aragón to second
|
Batting: RHB Francisco Domínguez
|
0-0: Called Strike 0-1: Ball 1-1: Ball 2-1: Foul Ball, location: 2F 2-2: Strikes out swinging
|
Batting: RHB Gary Miller
|
0-0: Ball 1-0: Called Strike 1-1: Called Strike 1-2: Foul Ball, location: 2F 1-2: Ball 2-2: Ball 3-2: Strikes out swinging
|
Top of the 4th over - 0 run(s), 0 hit(s), 0 error(s), 3 left on base; Cincinnati 0 - Lee's Summit 4 |
BOTTOM OF THE 4TH |
Lee's Summit Tigers batting - Pitching for Cincinnati Pride : LHP Josh Wall
|
Batting: LHB Dale Miller
|
0-0: Ball 1-0: Fly out, F8 (Flyball, 8RS)
|
Batting: LHB Darren Holland
|
0-0: Called Strike 0-1: Swinging Strike 0-2: Ball 1-2: Strikes out looking
|
Batting: RHB Jesús Ramos
|
0-0: SINGLE (Line Drive, 56D)
|
Batting: RHB Rusty Bennett
|
0-0: Ball 1-0: Ball 2-0: Foul Ball, location: 2F 2-1: Foul Ball, location: 2F 2-2: DOUBLE (Flyball, 8RD) Jesús Ramos to third
|
Batting: SHB Juan Glaviz
|
0-0: Hit by Pitch
|
Batting: RHB Jorge Barbosa
|
0-0: Ball 1-0: Ball 2-0: Foul Ball, location: 2F 2-1: Foul Ball, location: 2F 2-2: Hit by Pitch Jesús Ramos scores Rusty Bennett to third Juan Glaviz to second
|
Batting: RHB Michael Hall
|
0-0: Called Strike 0-1: Ball 1-1: Swinging Strike 1-2: Ball 2-2: Foul Ball, location: 2F 2-2: Foul Ball, location: 2F 2-2: Foul Ball, location: 2F 2-2: Ball 3-2: Ground out 4-3 (Groundball, 4M)
|
Bottom of the 4th over - 1 run(s), 2 hit(s), 0 error(s), 3 left on base; Cincinnati 0 - Lee's Summit 5 |
TOP OF THE 5TH |
Cincinnati Pride batting - Pitching for Lee's Summit Tigers : RHP Jeff Mann
|
Batting: SHB Jorge Maldonado
|
0-0: Fly out, F9 (Flyball, 9)
|
Batting: SHB Jaime Martínez
|
0-0: Called Strike 0-1: Foul Ball, location: 2F 0-2: Fly out, F8 (Line Drive, 8RM)
|
Batting: RHB Jorge Silva
|
0-0: Ground out 1-3 (Groundball, 13)
|
Top of the 5th over - 0 run(s), 0 hit(s), 0 error(s), 0 left on base; Cincinnati 0 - Lee's Summit 5 |
BOTTOM OF THE 5TH |
Lee's Summit Tigers batting - Pitching for Cincinnati Pride : LHP Josh Wall
|
Pitching: RHP Pedro Ayala
|
|
Batting: RHB Steven Wright
|
0-0: Ball 1-0: Called Strike 1-1: Fly out, F8 (Flyball, 89M)
|
Batting: RHB Kyle Baylor
|
0-0: Swinging Strike 0-1: Ball 1-1: SINGLE (Groundball, 4MD)
|
Batting: LHB Dale Miller
|
0-0: Called Strike Kyle Baylor steals 2nd base 0-1: Ball 1-1: Foul Ball, location: 2F 1-2: SINGLE (Groundball, 4MD) Kyle Baylor to third
|
Batting: LHB Darren Holland
|
0-0: Ball Dale Miller steals 2nd base 1-0: Ball 2-0: Ball 3-0: Called Strike 3-1: SINGLE (Line Drive, 9S) Kyle Baylor scores Dale Miller to third Runner from 3rd tries for Home, SAFE, no throw
|
Batting: RHB Jesús Ramos
|
0-0: Called Strike 0-1: Ball 1-1: Ball 2-1: Ball 3-1: Base on Balls Darren Holland to second
|
Batting: RHB Rusty Bennett
|
0-0: Ball 1-0: Reached on error, E6 (Groundball, 6) Darren Holland to third Jesús Ramos to second
|
Batting: SHB Juan Glaviz
|
0-0: Swinging Strike 0-1: Called Strike 0-2: Strikes out swinging
|
Batting: RHB Jorge Barbosa
|
0-0: Ball 1-0: Ball 2-0: Called Strike 2-1: Ball 3-1: Foul Ball, location: 2F 3-2: Fly out, F4 (Line Drive, 4)
|
Bottom of the 5th over - 2 run(s), 3 hit(s), 1 error(s), 3 left on base; Cincinnati 0 - Lee's Summit 7 |
TOP OF THE 6TH |
Cincinnati Pride batting - Pitching for Lee's Summit Tigers : RHP Jeff Mann
|
Batting: LHB John Clark
|
0-0: Swinging Strike 0-1: Called Strike 0-2: Strikes out swinging
|
Batting: LHB Gabriel Aragón
|
0-0: Foul Ball, location: 2F 0-1: Ball 1-1: Swinging Strike 1-2: Foul Ball, location: 2F 1-2: Ball 2-2: Strikes out swinging
|
Batting: RHB Roger Rush
|
0-0: Ball 1-0: Ground out 5-3 (Groundball, 56)
|
Top of the 6th over - 0 run(s), 0 hit(s), 0 error(s), 0 left on base; Cincinnati 0 - Lee's Summit 7 |
BOTTOM OF THE 6TH |
Lee's Summit Tigers batting - Pitching for Cincinnati Pride : RHP Pedro Ayala
|
Batting: RHB Michael Hall
|
0-0: Swinging Strike 0-1: Swinging Strike 0-2: Ball 1-2: Strikes out swinging
|
Batting: RHB Steven Wright
|
0-0: Ball 1-0: SINGLE (Groundball, 6MD)
|
Batting: RHB Kyle Baylor
|
0-0: Called Strike 0-1: Ball 1-1: Foul Ball, location: 2F 1-2: Grounds into double play, 4-6-3 (Groundball, 4)
|
Bottom of the 6th over - 0 run(s), 1 hit(s), 0 error(s), 0 left on base; Cincinnati 0 - Lee's Summit 7 |
TOP OF THE 7TH |
Cincinnati Pride batting - Pitching for Lee's Summit Tigers : RHP Jeff Mann
|
Batting: RHB Keith Sheehan
|
0-0: Ball 1-0: Ball 2-0: Ball 3-0: Foul Ball, location: 2F 3-1: Foul Ball, location: 2F 3-2: Base on Balls
|
Batting: RHB Francisco Domínguez
|
0-0: Called Strike 0-1: Ball 1-1: Ball 2-1: Foul Ball, location: 2F 2-2: Ball Wild Pitch! Keith Sheehan to second 3-2: SINGLE (Line Drive, 78S) Keith Sheehan to third
|
Pitching: RHP Tony Edmonds
|
|
Batting: RHB Gary Miller
|
0-0: Ball 1-0: Ball Francisco Domínguez steals 2nd base 2-0: Called Strike 2-1: Foul Ball, location: 2F 2-2: Reached on error, E4 (Groundball, 4) Keith Sheehan scores Francisco Domínguez scores
|
Batting: SHB Jorge Maldonado
|
0-0: Called Strike 0-1: Ball 1-1: Ball 2-1: Called Strike 2-2: Fly out, F7 (Flyball, 7LMF)
|
Batting: SHB Jaime Martínez
|
0-0: Ball 1-0: Ball 2-0: Ball 3-0: Base on Balls
|
Batting: RHB Jorge Silva
|
0-0: Called Strike Gary Miller steals 3rd base Jaime Martínez to second 0-1: Ball 1-1: Foul Ball, location: 2F 1-2: Fly out, F7 (Flyball, 78XD) Runner from 3rd tags up, SCORES, no throw Jaime Martínez to third
|
Batting: LHB John Clark
|
0-0: Called Strike 0-1: Ball 1-1: Swinging Strike 1-2: Foul Ball, location: 2F 1-2: SINGLE (Groundball, 6MD) Jaime Martínez scores
|
Pitching: RHP Patrick Singleton
|
|
Batting: LHB Gabriel Aragón
|
0-0: Foul Ball, location: 2F 0-1: Swinging Strike 0-2: Ball 1-2: Ball 2-2: Fly out, F8 (Line Drive, 8RD)
|
Top of the 7th over - 4 run(s), 2 hit(s), 1 error(s), 1 left on base; Cincinnati 4 - Lee's Summit 7 |
BOTTOM OF THE 7TH |
Lee's Summit Tigers batting - Pitching for Cincinnati Pride : RHP Pedro Ayala
|
Pitching: LHP Jon Bridges
|
|
Batting: LHB Dale Miller
|
0-0: Called Strike 0-1: Ball 1-1: Ball 2-1: Swinging Strike 2-2: Strikes out swinging
|
Batting: LHB Darren Holland
|
0-0: Called Strike 0-1: SINGLE (Line Drive, 6D)
|
Batting: RHB Jesús Ramos
|
0-0: Called Strike Darren Holland is caught stealing 2nd base 0-1: Ball 1-1: Called Strike 1-2: Strikes out looking
|
Bottom of the 7th over - 0 run(s), 1 hit(s), 0 error(s), 0 left on base; Cincinnati 4 - Lee's Summit 7 |
TOP OF THE 8TH |
Cincinnati Pride batting - Pitching for Lee's Summit Tigers : RHP Patrick Singleton
|
Batting: RHB Roger Rush
|
0-0: Ball 1-0: Swinging Strike 1-1: Ball 2-1: Ball 3-1: Base on Balls
|
Pitching: RHP Alejandro Longoria
|
|
Batting: RHB Keith Sheehan
|
0-0: Called Strike 0-1: Swinging Strike 0-2: Foul Ball, location: 2F 0-2: Ball 1-2: Strikes out looking
|
Batting: RHB Francisco Domínguez
|
0-0: Foul Ball, location: 2F 0-1: SINGLE (Groundball, 6S) (infield hit) Roger Rush to second
|
Batting: RHB Gary Miller
|
0-0: Ball 1-0: Fly out, F9 (Flyball, 89M) Runner from 2nd tags up, SAFE at 3rd with throw
|
Batting: SHB Jorge Maldonado
|
0-0: Ball 1-0: Fielders Choice at 2nd, 4-6 (Groundball, 34)
|
Top of the 8th over - 0 run(s), 1 hit(s), 0 error(s), 1 left on base; Cincinnati 4 - Lee's Summit 7 |
BOTTOM OF THE 8TH |
Lee's Summit Tigers batting - Pitching for Cincinnati Pride : LHP Jon Bridges
|
Batting: RHB Rusty Bennett
|
0-0: Swinging Strike 0-1: Fly out, F8 (Flyball, 89M)
|
Batting: SHB Juan Glaviz
|
0-0: Ball 1-0: Swinging Strike 1-1: Called Strike 1-2: Strikes out swinging
|
Batting: RHB Jorge Barbosa
|
0-0: Ball 1-0: Foul Ball, location: 2F 1-1: Foul Ball, location: 2F 1-2: Ground out 5-3 (Groundball, 56S)
|
Bottom of the 8th over - 0 run(s), 0 hit(s), 0 error(s), 0 left on base; Cincinnati 4 - Lee's Summit 7 |
TOP OF THE 9TH |
Cincinnati Pride batting - Pitching for Lee's Summit Tigers : RHP Alejandro Longoria
|
Pitching: RHP Javier Pacheco
|
|
Batting: SHB Jaime Martínez
|
0-0: Foul Ball, location: 2F 0-1: SINGLE (Groundball, 4M) (infield hit)
|
Batting: RHB Jorge Silva
|
0-0: Called Strike 0-1: Ball 1-1: Ball 2-1: Foul Ball, location: 2F 2-2: Ball 3-2: Strikes out swinging Jaime Martínez steals 2nd base Batter strikes out.
|
Batting: LHB John Clark
|
0-0: Ball 1-0: Called Strike 1-1: Ball 2-1: Ball 3-1: Base on Balls
|
Batting: LHB Gabriel Aragón
|
0-0: Fly out, F9 (Flyball, 9S)
|
Batting: RHB Roger Rush
|
0-0: Foul Ball, location: 2F 0-1: Ball 1-1: Ball 2-1: Ball 3-1: Base on Balls Jaime Martínez to third John Clark to second
|
Pinch Hitting: LHB Carl Hayden
|
0-0: Swinging Strike 0-1: Fly out, F8 (Flyball, 8RXD)
|
Top of the 9th over - 0 run(s), 1 hit(s), 0 error(s), 3 left on base; Cincinnati 4 - Lee's Summit 7 |
|